Blackhawks vs Golden Knights
Created - March 13, 2023 at 22:16
Goals
|
| Blackhawks |
1 |
0 |
1 |
2 |
| Golden Knights |
2 |
4 |
3 |
9 |
|
Shots
|
| Blackhawks |
13 |
12 |
10 |
35 |
| Golden Knights |
12 |
13 |
12 |
37 |
|
1st period
1. Golden Knights , Kyle Rau 5 (Olli Maatta 8, Vladimir Mihalik 12) at 10:30
2. Golden Knights , Andrei Loktionov 13 (Andrew Cogliano 15, Mathew Dumba 21) at 12:30
3. Blackhawks , James Wright 9 (Brett Maclean 12, Robert Hagg 4) at 14:23
Penalties :
Paul Stastny (Veg) for Holding (Minor) at 16:33
2nd period
4. Golden Knights , Andrew Cogliano 14 (Andrei Loktionov 26, Zach Bogosian 26) at 0:12
5. Golden Knights , Paul Stastny 4 (Vladimir Mihalik 13, Olli Maatta 9) at 4:50
6. Golden Knights , Steven Stamkos 25 (Jordan Eberle 26, Mathew Dumba 22) at 13:21
7. Golden Knights , Jordan Eberle 24 (Steven Stamkos 53, Jake Guentzel 35) at 14:38
Penalties :
Antoine Roussel (Chi) for Hooking (Minor) at 2:11, Andrew Cogliano (Veg) for Roughing (Double Minor) at 8:18
3rd period
8. Golden Knights , Steven Stamkos 26 (Jake Guentzel 36, Jordan Eberle 27) at 2:26
9. Blackhawks , Derek Roy 14 (Antoine Roussel 23, Corey Perry 11) at 14:44 (PP)
10. Golden Knights , Alexander Radulov 18 (Andrei Loktionov 27, Mathew Dumba 23) at 15:41
11. Golden Knights , Andrei Loktionov 14 (Andrew Cogliano 16, Alexander Radulov 15) at 18:26 (PP)
Penalties :
Tom Wilson (Veg) for Roughing (Minor) at 2:58, Antoine Roussel (Chi) for Goalie Interference (Minor) at 9:54, Zach Bogosian (Veg) for Hooking (Minor) at 13:46, Corey Perry (Chi) for High sticking (Minor) at 17:44
Goalie Stats
Joe Cannata (Chi), 10 saves from 14 shots - (0.714), 26:39 minutes
Tuukka Rask (Chi), 18 saves from 23 shots - (0.783), L, 21-24-3, 33:21 minutes
Ondrej Pavelec (Veg), 33 saves from 35 shots - (0.943), W, 26-16-1, 60:00 minutes
Players Stats for Blackhawks
Player Name G A P +/- PIM S H SB GA TA FO MP PP MP PK MP
------------------------------------------------------------------------------------
Antoine Roussel 0 1 1 0 4 2 2 0 0 0 0/0 18:19 4:30 0:10
Ben Harpur 0 0 0 1 0 1 0 0 0 1 0/0 9:48 0:00 0:00
Brett Maclean 0 1 1 0 0 4 1 0 0 1 0/0 11:16 0:27 1:11
Corey Perry 0 1 1 0 2 6 3 0 1 0 0/0 19:03 4:30 1:12
Derek Roy 1 0 1 0 0 2 1 1 3 0 4/13 19:41 4:30 1:35
Jakob Silfverberg 0 0 0 -7 0 1 4 0 0 0 1/3 21:05 3:58 0:00
James Wright 1 0 1 0 0 3 0 2 1 1 6/7 9:51 0:27 0:00
Jamie McBain 0 0 0 -5 0 2 1 2 0 0 0/0 29:17 5:16 3:06
Johnny Gaudreau 0 0 0 -7 0 4 2 0 2 1 3/5 23:46 3:58 2:36
Jordan Staal 0 0 0 -7 0 1 2 0 1 0 12/33 23:46 3:58 2:36
Mats Zuccarello 0 0 0 0 0 2 0 0 1 0 0/1 9:51 0:27 0:00
Mike Amadio 0 0 0 0 0 0 0 0 0 0 0/2 6:13 0:00 0:00
Nick Bonino 0 0 0 0 0 1 0 0 3 0 0/2 6:13 0:00 0:00
Petter Granberg 0 0 0 -3 0 1 0 1 0 0 0/0 20:55 3:39 1:34
Radko Gudas 0 0 0 -5 0 2 2 3 1 1 0/0 29:17 5:16 3:06
Raphael Diaz 0 0 0 -3 0 3 0 0 0 1 0/0 20:55 3:39 1:34
Robert Hagg 0 1 1 1 0 0 1 2 0 1 0/0 9:48 0:00 0:00
Stefan Matteau 0 0 0 0 0 0 0 0 0 0 0/0 6:13 0:00 0:00
Players Stats for Golden Knights
Player Name G A P +/- PIM S H SB GA TA FO MP PP MP PK MP
------------------------------------------------------------------------------------
Alexander Radulov 1 1 2 3 0 3 1 0 1 1 2/2 15:14 2:04 0:00
Andrei Loktionov 2 2 4 3 0 4 1 0 0 2 16/19 19:45 2:04 3:02
Andrew Cogliano 1 2 3 3 4 3 0 1 1 0 0/1 17:40 2:04 2:05
Christopher Tanev 0 0 0 0 0 0 0 1 0 3 0/0 10:29 0:00 0:53
Jake Guentzel 0 2 2 2 0 2 4 0 2 1 2/3 24:39 2:29 4:56
Jamie Oleksiak 0 0 0 0 0 1 0 0 0 0 0/0 9:57 0:00 0:21
Jordan Eberle 1 2 3 2 0 5 1 0 2 1 0/0 18:16 2:29 0:00
Kyle Rau 1 0 1 1 0 1 0 0 0 0 0/1 6:28 0:00 0:46
Lawson Crouse 0 0 0 1 0 1 2 0 0 0 0/0 7:17 0:00 1:33
Luke Glendening 0 0 0 1 0 0 0 0 0 0 0/0 5:42 0:00 0:00
Mathew Dumba 0 3 3 5 0 2 2 1 0 2 0/0 29:30 2:46 5:10
Max Reinhart 0 0 0 1 0 2 0 0 0 0 6/8 10:04 0:07 0:00
Olli Maatta 0 2 2 2 0 0 1 1 0 2 0/0 20:33 1:54 3:24
Paul Stastny 1 0 1 1 2 1 1 0 0 0 0/0 12:01 0:00 0:38
Steven Stamkos 2 1 3 2 0 6 7 0 0 0 14/32 23:33 2:36 4:50
Tom Wilson 0 0 0 1 2 1 2 0 1 0 0/0 10:23 0:07 0:00
Vladimir Mihalik 0 2 2 2 0 3 1 0 0 0 0/0 21:01 1:54 3:52
Zach Bogosian 0 1 1 5 2 2 0 2 0 1 0/0 28:29 2:46 4:10
3 Stars
1 - Andrei Loktionov (Veg)
2 - Steven Stamkos (Veg)
3 - Mathew Dumba (Veg)
Power Play
Blackhawks - 1 on 5 Attempt(s) - 20.00%
Golden Knights - 1 on 3 Attempt(s) - 33.33%
Penalty Kill
Blackhawks - 2 on 3 Attempt(s) - 66.67%
- Score 0 goal in Penalty Kill
Golden Knights - 4 on 5 Attempt(s) - 80.00%
- Score 0 goal in Penalty Kill
Team Stat
Blackhawks - Hits : 19 - Faceoff Wins : 26 - Blocked Shots : 11 - Penalty Minutes : 6
Golden Knights - Hits : 23 - Faceoff Wins : 40 - Blocked Shots : 6 - Penalty Minutes : 10
Official
Referees : Chris Rooney and Michael Markovic
Linesman : Ryan Gibbons and Ryan Daisy
Game Notes
Joe Cannata enters game at 13:21 of 2nd period
Finance
Level 1 -- Attendance: 6000 (100.00%) -- Ticket Income $600,000
Level 2 -- Attendance: 4881 (97.62%) -- Ticket Income $292,860
Level 3 -- Attendance: 2000 (100.00%) -- Ticket Income $70,000
Level 4 -- Attendance: 4000 (100.00%) -- Ticket Income $100,000
Luxury Box -- Attendance: 948 (94.80%) -- Ticket Income $189,600
Game was played at the T-Mobile Arena.
Total Attendance: 17829 (99.05%)
Total Ticket Income: $1,252,460
Other Income: $187,869
Total Income: $1,440,329
Blackhawks
5 vs 5 Forward
Center Left Wing Right Wing Time % Phy DF OF
1 Jordan Staal Johnny Gaudreau Jakob Silfverberg 40 1 2 2
2 Derek Roy Antoine Roussel Corey Perry 30 1 2 2
3 James Wright Brett Maclean Mats Zuccarello 20 1 2 2
4 Nick Bonino Stefan Matteau Mike Amadio 10 1 2 2
5 vs 5 Defense
Defense Defense Time % Phy DF OF
1 Jamie McBain Radko Gudas 40 1 2 2
2 Raphael Diaz Petter Granberg 30 1 2 2
3 Robert Hagg Ben Harpur 20 1 2 2
4 Jamie McBain Radko Gudas 10 1 2 2
PowerPlay Forward
Center Left Wing Right Wing Time % Phy DF OF
1 Jordan Staal Johnny Gaudreau Jakob Silfverberg 60 1 2 2
2 Derek Roy Antoine Roussel Corey Perry 40 1 2 2
PowerPlay Defense
Defense Defense Time % Phy DF OF
1 Jamie McBain Radko Gudas 60 1 2 2
2 Raphael Diaz Petter Granberg 40 1 2 2
Penalty Kill 4 Players Forward
Center Wing Time % Phy DF OF
1 Jordan Staal Johnny Gaudreau 60 1 2 2
2 Derek Roy Antoine Roussel 40 1 2 2
Penalty Kill 4 Players Defense
Defense Defense Time % Phy DF OF
1 Jamie McBain Radko Gudas 60 1 2 2
2 Raphael Diaz Petter Granberg 40 1 2 2
Penalty Kill - 3 Players Forward
Forward Time % Phy DF OF
1 Jordan Staal 60 1 2 2
2 Derek Roy 40 1 2 2
Penalty Kill - 3 Players Defense
Defense Defense Time % Phy DF OF
1 Jamie McBain Radko Gudas 60 1 2 2
2 Raphael Diaz Petter Granberg 40 1 2 2
4 vs 4 Forward
Center Wing Time % Phy DF OF
1 Jordan Staal Johnny Gaudreau 60 1 2 2
2 Derek Roy Antoine Roussel 40 1 2 2
4 vs 4 Defense
Defense Defense Time % Phy DF OF
1 Jamie McBain Radko Gudas 60 1 2 2
2 Raphael Diaz Petter Granberg 40 1 2 2
Last Minutes Offensive
Center Left Wing Right Wing Defense Defense
Jordan Staal Johnny Gaudreau Jakob Silfverberg Jamie McBain Radko Gudas
Last Minutes Defensive
Center Left Wing Right Wing Defense Defense
Jordan Staal Johnny Gaudreau Jakob Silfverberg Jamie McBain Radko Gudas
Goaltenders
Starting : Tuukka Rask
Backup : Joe Cannata
Extra Forwards
Normal : Corey Perry, Derek Roy, Mats Zuccarello - PP : Corey Perry, Derek Roy - PK : Corey Perry
Extra Defensemen
Normal : Petter Granberg, Robert Hagg, Ben Harpur - PP : Petter Granberg - PK : Petter Granberg, Robert Hagg
Penalty Shots
Johnny Gaudreau, Jakob Silfverberg, Antoine Roussel, Jordan Staal, Corey Perry
Scratches
Calvin de Haan (Healthy)
Golden Knights
5 vs 5 Forward
Center Left Wing Right Wing Time % Phy DF OF
1 Steven Stamkos Jake Guentzel Jordan Eberle 40 1 2 2
2 Andrei Loktionov Andrew Cogliano Alexander Radulov 30 1 2 2
3 Max Reinhart Paul Stastny Tom Wilson 20 1 2 2
4 Kyle Rau Lawson Crouse Luke Glendening 10 1 2 2
5 vs 5 Defense
Defense Defense Time % Phy DF OF
1 Zach Bogosian Mathew Dumba 40 1 2 2
2 Olli Maatta Vladimir Mihalik 30 1 2 2
3 Christopher Tanev Jamie Oleksiak 20 1 2 2
4 Zach Bogosian Mathew Dumba 10 1 2 2
PowerPlay Forward
Center Left Wing Right Wing Time % Phy DF OF
1 Steven Stamkos Jake Guentzel Jordan Eberle 60 1 2 2
2 Andrei Loktionov Andrew Cogliano Alexander Radulov 40 1 2 2
PowerPlay Defense
Defense Defense Time % Phy DF OF
1 Zach Bogosian Mathew Dumba 60 1 2 2
2 Olli Maatta Vladimir Mihalik 40 1 2 2
Penalty Kill 4 Players Forward
Center Wing Time % Phy DF OF
1 Steven Stamkos Jake Guentzel 60 1 2 2
2 Andrei Loktionov Andrew Cogliano 40 1 2 2
Penalty Kill 4 Players Defense
Defense Defense Time % Phy DF OF
1 Zach Bogosian Mathew Dumba 60 1 2 2
2 Olli Maatta Vladimir Mihalik 40 1 2 2
Penalty Kill - 3 Players Forward
Forward Time % Phy DF OF
1 Steven Stamkos 60 1 2 2
2 Andrei Loktionov 40 1 2 2
Penalty Kill - 3 Players Defense
Defense Defense Time % Phy DF OF
1 Zach Bogosian Mathew Dumba 60 1 2 2
2 Olli Maatta Vladimir Mihalik 40 1 2 2
4 vs 4 Forward
Center Wing Time % Phy DF OF
1 Steven Stamkos Jake Guentzel 60 1 2 2
2 Andrei Loktionov Andrew Cogliano 40 1 2 2
4 vs 4 Defense
Defense Defense Time % Phy DF OF
1 Zach Bogosian Mathew Dumba 60 1 2 2
2 Olli Maatta Vladimir Mihalik 40 1 2 2
Last Minutes Offensive
Center Left Wing Right Wing Defense Defense
Steven Stamkos Jake Guentzel Jordan Eberle Zach Bogosian Mathew Dumba
Last Minutes Defensive
Center Left Wing Right Wing Defense Defense
Steven Stamkos Jake Guentzel Jordan Eberle Zach Bogosian Mathew Dumba
Goaltenders
Starting : Ondrej Pavelec
Backup : Laurent Brossoit
Extra Forwards
Normal : Andrew Cogliano, Max Reinhart, Alexander Radulov - PP : Andrew Cogliano, Max Reinhart - PK : Andrew Cogliano
Extra Defensemen
Normal : Vladimir Mihalik, Christopher Tanev, Jamie Oleksiak - PP : Vladimir Mihalik - PK : Vladimir Mihalik, Christopher Tanev
Penalty Shots
Steven Stamkos, Jordan Eberle, Jake Guentzel, Andrei Loktionov, Andrew Cogliano
Scratches
Anton Lindholm (Healthy)
% Time on Ice - Blackhawks
Lines # - Real PCT - Wanted PCT - Time Play
Normal Forward
1 - 37% - 40% - 17:12
2 - 29% - 30% - 13:36
3 - 20% - 20% - 9:24
4 - 13% - 10% - 6:13
Normal Defense
1 - 39% - 40% - 18:20
2 - 34% - 30% - 15:42
3 - 21% - 20% - 9:48
4 - 6% - 10% - 2:35
PP Forward
1 - 50% - 60% - 4:25
2 - 50% - 40% - 4:30
PP Defense
1 - 59% - 60% - 5:16
2 - 41% - 40% - 3:39
PK Forward
1 - 80% - 60% - 3:43
2 - 20% - 40% - 0:57
PK Defense
1 - 66% - 60% - 3:06
2 - 34% - 40% - 1:34
PK3 Forward
1 - 0% - 60%
2 - 0% - 40%
PK3 Defense
1 - 0% - 60%
2 - 0% - 40%
44 Forward
1 - 0% - 60%
2 - 0% - 40%
44 Defense
1 - 0% - 60%
2 - 0% - 40%
Last Minute Offensive - 0:00
Last Minute Defensive - 0:00
Total
Forward - 60:00
Defense - 60:00
|
% Time on Ice - Golden Knights
Lines # - Real PCT - Wanted PCT - Time Play
Normal Forward
1 - 38% - 40% - 17:34
2 - 28% - 30% - 13:12
3 - 21% - 20% - 9:57
4 - 12% - 10% - 5:42
Normal Defense
1 - 43% - 40% - 19:44
2 - 33% - 30% - 15:15
3 - 21% - 20% - 9:36
4 - 4% - 10% - 1:50
PP Forward
1 - 56% - 60% - 2:36
2 - 44% - 40% - 2:04
PP Defense
1 - 59% - 60% - 2:46
2 - 41% - 40% - 1:54
PK Forward
1 - 73% - 60% - 6:29
2 - 27% - 40% - 2:26
PK Defense
1 - 62% - 60% - 5:31
2 - 38% - 40% - 3:24
PK3 Forward
1 - 0% - 60%
2 - 0% - 40%
PK3 Defense
1 - 0% - 60%
2 - 0% - 40%
44 Forward
1 - 0% - 60%
2 - 0% - 40%
44 Defense
1 - 0% - 60%
2 - 0% - 40%
Last Minute Offensive - 0:00
Last Minute Defensive - 0:00
Total
Forward - 60:00
Defense - 60:00
|
Play-by-Play
1st period
0:01 of 1st period - Steven Stamkos wins face-off versus Johnny Gaudreau in neutral zone.
0:27 of 1st period - Jamie McBain is hit by Tom Wilson and loses puck.
2:01 of 1st period - Snap shot by Jake Guentzel.
2:01 of 1st period - Stopped by Tuukka Rask without a rebound.
2:02 of 1st period - James Wright wins face-off versus Andrei Loktionov in Blackhawks zone.
2:09 of 1st period - Snap shot by Andrew Cogliano.
2:09 of 1st period - Shot Blocked by James Wright.
2:14 of 1st period - Off-side.
2:15 of 1st period - Jordan Staal wins face-off versus Steven Stamkos in neutral zone.
2:20 of 1st period - Snap shot by Jordan Staal.
2:20 of 1st period - Shot Blocked by Christopher Tanev.
2:38 of 1st period - Icing by Christopher Tanev.
2:39 of 1st period - Max Reinhart wins face-off versus Derek Roy in Golden Knights zone.
3:10 of 1st period - Backhand shot by Zach Bogosian.
3:10 of 1st period - Shot Blocked by Robert Hagg.
4:02 of 1st period - Stefan Matteau is hit by Jake Guentzel and loses puck.
4:13 of 1st period - Wrist shot by Corey Perry.
4:13 of 1st period - Shot Blocked by Olli Maatta.
5:09 of 1st period - Snap shot by Andrei Loktionov.
5:09 of 1st period - Stopped by Tuukka Rask without a rebound.
5:10 of 1st period - Derek Roy wins face-off versus Steven Stamkos in Blackhawks zone.
5:22 of 1st period - Slapshot by Antoine Roussel.
5:22 of 1st period - Shot Blocked by Mathew Dumba.
5:43 of 1st period - Wrist shot by Brett Maclean.
5:43 of 1st period - Stopped by Ondrej Pavelec with a rebound.
5:45 of 1st period - Slapshot by Raphael Diaz.
5:45 of 1st period - Stopped by Ondrej Pavelec without a rebound.
5:46 of 1st period - Max Reinhart wins face-off versus Jordan Staal in Golden Knights zone.
6:14 of 1st period - Wrist shot by Derek Roy.
6:14 of 1st period - Stopped by Ondrej Pavelec without a rebound.
6:15 of 1st period - Steven Stamkos wins face-off versus Derek Roy in Golden Knights zone.
6:24 of 1st period - Slapshot by Jordan Eberle.
6:24 of 1st period - Deflect By Steven Stamkos.
6:24 of 1st period - Stopped by Tuukka Rask with a rebound.
6:26 of 1st period - Snap shot by Steven Stamkos.
6:26 of 1st period - Shot Misses the Net.
6:28 of 1st period - Snap shot by Mathew Dumba.
6:28 of 1st period - Shot Blocked by Derek Roy.
6:30 of 1st period - Snap shot by Jordan Eberle.
6:30 of 1st period - Stopped by Tuukka Rask with a rebound.
6:38 of 1st period - Snap shot by Jordan Eberle.
6:38 of 1st period - Stopped by Tuukka Rask with a rebound.
7:04 of 1st period - Snap shot by Steven Stamkos.
7:04 of 1st period - Stopped by Tuukka Rask with a rebound.
7:06 of 1st period - Slapshot by Olli Maatta.
7:06 of 1st period - Deflect By Steven Stamkos.
7:06 of 1st period - Stopped by Tuukka Rask without a rebound.
7:07 of 1st period - Andrei Loktionov wins face-off versus Jordan Staal in Blackhawks zone.
7:18 of 1st period - Snap shot by Johnny Gaudreau.
7:18 of 1st period - Stopped by Ondrej Pavelec with a rebound.
8:06 of 1st period - Wrist shot by Andrei Loktionov.
8:06 of 1st period - Stopped by Tuukka Rask without a rebound.
8:07 of 1st period - James Wright wins face-off versus Steven Stamkos in Blackhawks zone.
8:07 of 1st period - James Wright is hit by Mathew Dumba.
8:13 of 1st period - Slapshot by James Wright.
8:13 of 1st period - Stopped by Ondrej Pavelec with a rebound.
8:23 of 1st period - Wrist shot by Jordan Eberle.
8:23 of 1st period - Shot Misses the Net.
10:24 of 1st period - Snap shot by Lawson Crouse.
10:24 of 1st period - Shot Blocked by James Wright.
10:26 of 1st period - Snap shot by Lawson Crouse.
10:26 of 1st period - Shot Misses the Net.
10:28 of 1st period - Slapshot by Vladimir Mihalik.
10:28 of 1st period - Stopped by Tuukka Rask with a rebound.
10:30 of 1st period - Slapshot by Olli Maatta.
10:30 of 1st period - Deflect By Kyle Rau.
10:30 of 1st period - Goal by Kyle Rau - Blackhawks : 0 - Golden Knights : 1.
10:31 of 1st period - Steven Stamkos wins face-off versus Jordan Staal in neutral zone.
10:36 of 1st period - Snap shot by Jake Guentzel.
10:36 of 1st period - Stopped by Tuukka Rask with a rebound.
10:38 of 1st period - Snap shot by Steven Stamkos.
10:38 of 1st period - Shot Blocked by Radko Gudas.
11:05 of 1st period - Tom Wilson is hit by Brett Maclean and loses puck.
12:12 of 1st period - Wrist shot by Jakob Silfverberg.
12:12 of 1st period - Shot Misses the Net.
12:30 of 1st period - Snap shot by Andrei Loktionov.
12:30 of 1st period - Goal by Andrei Loktionov - Blackhawks : 0 - Golden Knights : 2.
12:31 of 1st period - James Wright wins face-off versus Steven Stamkos in neutral zone.
13:27 of 1st period - Slapshot by Andrew Cogliano.
13:27 of 1st period - Shot Misses the Net.
13:44 of 1st period - Snap shot by Johnny Gaudreau.
13:44 of 1st period - Deflect By Jakob Silfverberg.
13:44 of 1st period - Shot Misses the Net.
13:44 of 1st period - Puck is out of play.
13:45 of 1st period - Steven Stamkos wins face-off versus James Wright in Golden Knights zone.
13:52 of 1st period - Slapshot by James Wright.
13:52 of 1st period - Stopped by Ondrej Pavelec with a rebound.
13:54 of 1st period - Slapshot by Ben Harpur.
13:54 of 1st period - Stopped by Ondrej Pavelec without a rebound.
13:55 of 1st period - James Wright wins face-off versus Steven Stamkos in Golden Knights zone.
14:23 of 1st period - Wrist shot by James Wright.
14:23 of 1st period - Goal by James Wright - Blackhawks : 1 - Golden Knights : 2.
14:24 of 1st period - Steven Stamkos wins face-off versus Jordan Staal in neutral zone.
14:51 of 1st period - Derek Roy is hit by Paul Stastny and loses puck.
15:18 of 1st period - Robert Hagg is hit by Alexander Radulov and loses puck.
16:21 of 1st period - Wrist shot by Johnny Gaudreau.
16:21 of 1st period - Shot Misses the Net.
16:33 of 1st period - Minor Penalty to Paul Stastny for Holding.
16:34 of 1st period - Steven Stamkos wins face-off versus Jordan Staal in Golden Knights zone.
16:47 of 1st period - Jake Guentzel is hit by Jordan Staal and loses puck.
17:30 of 1st period - Zach Bogosian is hit by Jakob Silfverberg and loses puck.
18:33 of 1st period - Penalty to Paul Stastny is over, Paul Stastny is back on ice.
18:52 of 1st period - Snap shot by Paul Stastny.
18:52 of 1st period - Shot Misses the Net.
19:04 of 1st period - Snap shot by Corey Perry.
19:04 of 1st period - Stopped by Ondrej Pavelec with a rebound.
19:06 of 1st period - Snap shot by Derek Roy.
19:06 of 1st period - Shot Misses the Net.
19:08 of 1st period - Snap shot by Corey Perry.
19:08 of 1st period - Stopped by Ondrej Pavelec with a rebound.
19:10 of 1st period - Slapshot by Raphael Diaz.
19:10 of 1st period - Stopped by Ondrej Pavelec with a rebound.
19:12 of 1st period - Snap shot by Corey Perry.
19:12 of 1st period - Stopped by Ondrej Pavelec with a rebound.
19:14 of 1st period - Slapshot by Raphael Diaz.
19:14 of 1st period - Stopped by Ondrej Pavelec with a rebound.
19:58 of 1st period - Snap shot by Derek Roy.
19:58 of 1st period - Shot Misses the Net.
Goals for this period are 1 for Blackhawks vs 2 for Golden Knights.
Shots for this period are 13 for Blackhawks vs 12 for Golden Knights.
2nd period
0:01 of 2nd period - Alexander Radulov wins face-off versus Jordan Staal in neutral zone.
0:12 of 2nd period - Backhand shot by Andrew Cogliano.
0:12 of 2nd period - Goal by Andrew Cogliano - Blackhawks : 1 - Golden Knights : 3.
0:13 of 2nd period - Andrei Loktionov wins face-off versus Jordan Staal in neutral zone.
0:18 of 2nd period - Wrist shot by Zach Bogosian.
0:18 of 2nd period - Stopped by Tuukka Rask with a rebound.
0:20 of 2nd period - Slapshot by Mathew Dumba.
0:20 of 2nd period - Stopped by Tuukka Rask with a rebound.
0:41 of 2nd period - Off-side.
0:42 of 2nd period - James Wright wins face-off versus Max Reinhart in neutral zone.
0:49 of 2nd period - Slapshot by Mats Zuccarello.
0:49 of 2nd period - Stopped by Ondrej Pavelec without a rebound.
0:50 of 2nd period - Andrei Loktionov wins face-off versus Jordan Staal in Golden Knights zone.
1:21 of 2nd period - Brett Maclean is hit by Steven Stamkos and loses puck.
1:28 of 2nd period - Robert Hagg is hit by Steven Stamkos and loses puck.
1:42 of 2nd period - Off-side.
1:43 of 2nd period - Max Reinhart wins face-off versus Derek Roy in neutral zone.
1:46 of 2nd period - Slapshot by Mathew Dumba.
1:46 of 2nd period - Shot Misses the Net.
2:11 of 2nd period - Minor Penalty to Antoine Roussel for Hooking.
2:12 of 2nd period - Johnny Gaudreau wins face-off versus Steven Stamkos in Blackhawks zone.
2:26 of 2nd period - Snap shot by Steven Stamkos.
2:26 of 2nd period - Shot Blocked by Radko Gudas.
2:46 of 2nd period - Snap shot by Andrei Loktionov.
2:46 of 2nd period - Shot Misses the Net.
2:48 of 2nd period - Slapshot by Alexander Radulov.
2:48 of 2nd period - Shot Blocked by Radko Gudas.
2:58 of 2nd period - Jake Guentzel is hit by Derek Roy and loses puck.
3:07 of 2nd period - Radko Gudas is hit by Jake Guentzel and loses puck.
3:50 of 2nd period - Steven Stamkos is hit by Corey Perry and loses puck.
4:11 of 2nd period - Penalty to Antoine Roussel is over, Antoine Roussel is back on ice.
4:24 of 2nd period - Wrist shot by Antoine Roussel.
4:24 of 2nd period - Deflect By Brett Maclean.
4:24 of 2nd period - Shot Misses the Net.
4:24 of 2nd period - Puck is out of play.
4:25 of 2nd period - Max Reinhart wins face-off versus Nick Bonino in Golden Knights zone.
4:30 of 2nd period - Wrist shot by Max Reinhart.
4:30 of 2nd period - Stopped by Tuukka Rask with a rebound.
4:32 of 2nd period - Slapshot by Christopher Tanev.
4:32 of 2nd period - Shot Blocked by Robert Hagg.
4:34 of 2nd period - Slapshot by Jamie Oleksiak.
4:34 of 2nd period - Stopped by Tuukka Rask with a rebound.
4:36 of 2nd period - Wrist shot by Tom Wilson.
4:36 of 2nd period - Stopped by Tuukka Rask without a rebound.
4:37 of 2nd period - Max Reinhart wins face-off versus Jordan Staal in Blackhawks zone.
4:40 of 2nd period - Wrist shot by Paul Stastny.
4:40 of 2nd period - Shot Misses the Net.
4:44 of 2nd period - Wrist shot by Paul Stastny.
4:44 of 2nd period - Shot Misses the Net.
4:46 of 2nd period - Wrist shot by Vladimir Mihalik.
4:46 of 2nd period - Shot Blocked by Petter Granberg.
4:48 of 2nd period - Slapshot by Vladimir Mihalik.
4:48 of 2nd period - Stopped by Tuukka Rask with a rebound.
4:50 of 2nd period - Snap shot by Paul Stastny.
4:50 of 2nd period - Goal by Paul Stastny - Blackhawks : 1 - Golden Knights : 4.
4:51 of 2nd period - Jordan Staal wins face-off versus Steven Stamkos in neutral zone.
4:54 of 2nd period - Slapshot by Jamie McBain.
4:54 of 2nd period - Shot Misses the Net.
5:24 of 2nd period - Slapshot by Radko Gudas.
5:24 of 2nd period - Stopped by Ondrej Pavelec without a rebound.
5:25 of 2nd period - Andrei Loktionov wins face-off versus Mats Zuccarello in Golden Knights zone.
5:32 of 2nd period - Snap shot by Brett Maclean.
5:32 of 2nd period - Stopped by Ondrej Pavelec without a rebound.
5:33 of 2nd period - Andrei Loktionov wins face-off versus Jordan Staal in Golden Knights zone.
6:08 of 2nd period - Slapshot by Mats Zuccarello.
6:08 of 2nd period - Stopped by Ondrej Pavelec without a rebound.
6:09 of 2nd period - Steven Stamkos wins face-off versus Jordan Staal in Golden Knights zone.
6:09 of 2nd period - Steven Stamkos is hit by Radko Gudas.
6:15 of 2nd period - Jordan Staal is hit by Steven Stamkos and loses puck.
6:24 of 2nd period - Steven Stamkos is hit by Jakob Silfverberg and loses puck.
6:35 of 2nd period - Antoine Roussel is hit by Tom Wilson and loses puck.
6:43 of 2nd period - Icing by Mathew Dumba.
6:44 of 2nd period - Max Reinhart wins face-off versus Jordan Staal in Golden Knights zone.
7:19 of 2nd period - Snap shot by Mats Zuccarello.
7:19 of 2nd period - Shot Misses the Net.
7:21 of 2nd period - Wrist shot by Brett Maclean.
7:21 of 2nd period - Stopped by Ondrej Pavelec with a rebound.
8:03 of 2nd period - Icing by Olli Maatta.
8:04 of 2nd period - Alexander Radulov wins face-off versus Mike Amadio in Golden Knights zone.
8:18 of 2nd period - Double Minor Penalty to Andrew Cogliano for Roughing.
8:19 of 2nd period - Steven Stamkos wins face-off versus Jordan Staal in Golden Knights zone.
8:19 of 2nd period - Steven Stamkos is hit by Radko Gudas.
8:29 of 2nd period - Vladimir Mihalik is hit by Johnny Gaudreau and loses puck.
8:52 of 2nd period - Slapshot by Petter Granberg.
8:52 of 2nd period - Stopped by Ondrej Pavelec without a rebound.
8:53 of 2nd period - Derek Roy wins face-off versus Andrei Loktionov in Golden Knights zone.
8:54 of 2nd period - Wrist shot by Antoine Roussel.
8:54 of 2nd period - Stopped by Ondrej Pavelec with a rebound.
8:56 of 2nd period - Wrist shot by Corey Perry.
8:56 of 2nd period - Stopped by Ondrej Pavelec without a rebound.
8:57 of 2nd period - Andrei Loktionov wins face-off versus Derek Roy in Golden Knights zone.
9:28 of 2nd period - Snap shot by Corey Perry.
9:28 of 2nd period - Shot Misses the Net.
9:45 of 2nd period - Snap shot by Antoine Roussel.
9:45 of 2nd period - Stopped by Ondrej Pavelec without a rebound.
9:46 of 2nd period - Andrei Loktionov wins face-off versus Jordan Staal in Golden Knights zone.
11:35 of 2nd period - Jamie McBain is hit by Mathew Dumba and loses puck.
12:02 of 2nd period - Wrist shot by Brett Maclean.
12:02 of 2nd period - Stopped by Ondrej Pavelec without a rebound.
12:03 of 2nd period - Steven Stamkos wins face-off versus Jordan Staal in Golden Knights zone.
12:18 of 2nd period - Penalty to Andrew Cogliano is over, Andrew Cogliano is back on ice.
12:19 of 2nd period - Icing by Corey Perry.
12:20 of 2nd period - Derek Roy wins face-off versus Max Reinhart in Blackhawks zone.
13:06 of 2nd period - Wrist shot by Max Reinhart.
13:06 of 2nd period - Stopped by Tuukka Rask without a rebound.
13:07 of 2nd period - Jordan Staal wins face-off versus Steven Stamkos in Blackhawks zone.
13:07 of 2nd period - Jordan Staal is hit by Jordan Eberle.
13:19 of 2nd period - Slapshot by Jordan Eberle.
13:19 of 2nd period - Stopped by Tuukka Rask with a rebound.
13:21 of 2nd period - Wrist shot by Jordan Eberle.
13:21 of 2nd period - Deflect By Steven Stamkos.
13:21 of 2nd period - Goal by Steven Stamkos - Blackhawks : 1 - Golden Knights : 5.
13:21 of 2nd period - Joe Cannata enters game.
13:22 of 2nd period - Steven Stamkos wins face-off versus Jordan Staal in neutral zone.
13:29 of 2nd period - Wrist shot by Steven Stamkos.
13:29 of 2nd period - Shot Blocked by Jamie McBain.
13:31 of 2nd period - Wrist shot by Jordan Eberle.
13:31 of 2nd period - Deflect By Steven Stamkos.
13:31 of 2nd period - Shot Misses the Net.
13:31 of 2nd period - Puck is out of play.
13:32 of 2nd period - Jordan Staal wins face-off versus Steven Stamkos in Blackhawks zone.
13:32 of 2nd period - Jordan Staal is hit by Jake Guentzel.
13:50 of 2nd period - Slapshot by Radko Gudas.
13:50 of 2nd period - Stopped by Ondrej Pavelec with a rebound.
14:36 of 2nd period - Snap shot by Jordan Eberle.
14:36 of 2nd period - Shot Misses the Net.
14:38 of 2nd period - Slapshot by Jordan Eberle.
14:38 of 2nd period - Goal by Jordan Eberle - Blackhawks : 1 - Golden Knights : 6.
14:39 of 2nd period - Derek Roy wins face-off versus Andrew Cogliano in neutral zone.
14:42 of 2nd period - Wrist shot by Antoine Roussel.
14:42 of 2nd period - Shot Blocked by Andrew Cogliano.
16:06 of 2nd period - Slapshot by Andrew Cogliano.
16:06 of 2nd period - Stopped by Joe Cannata with a rebound.
16:32 of 2nd period - Icing by Jake Guentzel.
16:33 of 2nd period - Jordan Staal wins face-off versus Jake Guentzel in Golden Knights zone.
16:48 of 2nd period - Snap shot by Johnny Gaudreau.
16:48 of 2nd period - Shot Blocked by Zach Bogosian.
16:50 of 2nd period - Snap shot by Johnny Gaudreau.
16:50 of 2nd period - Stopped by Ondrej Pavelec without a rebound.
16:51 of 2nd period - Andrei Loktionov wins face-off versus Derek Roy in Golden Knights zone.
17:18 of 2nd period - Jakob Silfverberg is hit by Lawson Crouse and loses puck.
17:29 of 2nd period - Mathew Dumba is hit by Jakob Silfverberg and loses puck.
18:48 of 2nd period - Wrist shot by Kyle Rau.
18:48 of 2nd period - Shot Misses the Net.
19:49 of 2nd period - Andrew Cogliano is hit by Corey Perry and loses puck.
Goals for this period are 0 for Blackhawks vs 4 for Golden Knights.
Shots for this period are 12 for Blackhawks vs 13 for Golden Knights.
3rd period
0:01 of 3rd period - Johnny Gaudreau wins face-off versus Steven Stamkos in neutral zone.
0:06 of 3rd period - Slapshot by Johnny Gaudreau.
0:06 of 3rd period - Stopped by Ondrej Pavelec without a rebound.
0:07 of 3rd period - Steven Stamkos wins face-off versus Jakob Silfverberg in Golden Knights zone.
0:44 of 3rd period - Wrist shot by Jordan Staal.
0:44 of 3rd period - Shot Misses the Net.
0:46 of 3rd period - Slapshot by Jamie McBain.
0:46 of 3rd period - Stopped by Ondrej Pavelec without a rebound.
0:47 of 3rd period - Andrei Loktionov wins face-off versus Derek Roy in Golden Knights zone.
1:42 of 3rd period - Wrist shot by Lawson Crouse.
1:42 of 3rd period - Stopped by Joe Cannata without a rebound.
1:43 of 3rd period - Jordan Staal wins face-off versus Steven Stamkos in Blackhawks zone.
1:43 of 3rd period - Jordan Staal is hit by Steven Stamkos.
1:49 of 3rd period - Vladimir Mihalik is hit by Jordan Staal and loses puck.
1:56 of 3rd period - Vladimir Mihalik is hit by Jamie McBain and loses puck.
2:03 of 3rd period - Jordan Eberle is hit by Jakob Silfverberg and loses puck.
2:24 of 3rd period - Wrist shot by Steven Stamkos.
2:24 of 3rd period - Shot Blocked by Jamie McBain.
2:26 of 3rd period - Snap shot by Jake Guentzel.
2:26 of 3rd period - Deflect By Steven Stamkos.
2:26 of 3rd period - Goal by Steven Stamkos - Blackhawks : 1 - Golden Knights : 7.
2:27 of 3rd period - Andrei Loktionov wins face-off versus Derek Roy in neutral zone.
2:58 of 3rd period - Minor Penalty to Tom Wilson for Roughing.
2:59 of 3rd period - Johnny Gaudreau wins face-off versus Steven Stamkos in Golden Knights zone.
3:11 of 3rd period - Steven Stamkos is hit by Johnny Gaudreau.
3:15 of 3rd period - Snap shot by Mathew Dumba.
3:15 of 3rd period - Stopped by Joe Cannata with a rebound.
4:17 of 3rd period - Snap shot by Antoine Roussel.
4:17 of 3rd period - Shot Misses the Net.
4:21 of 3rd period - Snap shot by Corey Perry.
4:21 of 3rd period - Stopped by Ondrej Pavelec without a rebound.
4:22 of 3rd period - Jordan Staal wins face-off versus Steven Stamkos in Golden Knights zone.
4:49 of 3rd period - Jordan Staal is hit by Andrei Loktionov and loses puck.
4:58 of 3rd period - Penalty to Tom Wilson is over, Tom Wilson is back on ice.
5:02 of 3rd period - Jordan Staal is hit by Vladimir Mihalik and loses puck.
5:15 of 3rd period - Wrist shot by Tom Wilson.
5:15 of 3rd period - Shot Misses the Net.
5:17 of 3rd period - Wrist shot by Vladimir Mihalik.
5:17 of 3rd period - Stopped by Joe Cannata without a rebound.
5:18 of 3rd period - James Wright wins face-off versus Kyle Rau in Blackhawks zone.
7:23 of 3rd period - Off-side.
7:24 of 3rd period - Andrei Loktionov wins face-off versus Derek Roy in neutral zone.
7:35 of 3rd period - Snap shot by Alexander Radulov.
7:35 of 3rd period - Shot Misses the Net.
7:48 of 3rd period - Icing by Alexander Radulov.
7:49 of 3rd period - Andrei Loktionov wins face-off versus Jordan Staal in Golden Knights zone.
7:49 of 3rd period - Andrei Loktionov is hit by Robert Hagg.
9:54 of 3rd period - Minor Penalty to Antoine Roussel for Goalie Interference.
9:55 of 3rd period - Steven Stamkos wins face-off versus Jordan Staal in Blackhawks zone.
10:04 of 3rd period - Slapshot by Zach Bogosian.
10:04 of 3rd period - Shot Misses the Net.
10:12 of 3rd period - Jamie McBain is hit by Jake Guentzel and loses puck.
11:54 of 3rd period - Penalty to Antoine Roussel is over, Antoine Roussel is back on ice.
12:49 of 3rd period - Christopher Tanev is hit by Antoine Roussel and loses puck.
13:00 of 3rd period - Snap shot by Andrew Cogliano.
13:00 of 3rd period - Stopped by Joe Cannata without a rebound.
13:01 of 3rd period - Andrei Loktionov wins face-off versus Nick Bonino in Blackhawks zone.
13:02 of 3rd period - Slapshot by Zach Bogosian.
13:02 of 3rd period - Stopped by Joe Cannata without a rebound.
13:03 of 3rd period - Andrei Loktionov wins face-off versus Mike Amadio in Blackhawks zone.
13:16 of 3rd period - Wrist shot by Nick Bonino.
13:16 of 3rd period - Stopped by Ondrej Pavelec without a rebound.
13:17 of 3rd period - Jake Guentzel wins face-off versus Jordan Staal in Golden Knights zone.
13:22 of 3rd period - Jakob Silfverberg is hit by Steven Stamkos and loses puck.
13:31 of 3rd period - Snap shot by Steven Stamkos.
13:31 of 3rd period - Stopped by Joe Cannata with a rebound.
13:46 of 3rd period - Minor Penalty to Zach Bogosian for Hooking.
13:47 of 3rd period - Jake Guentzel wins face-off versus Johnny Gaudreau in Golden Knights zone.
14:03 of 3rd period - Wrist shot by Johnny Gaudreau.
14:03 of 3rd period - Shot Misses the Net.
14:13 of 3rd period - Vladimir Mihalik is hit by Corey Perry and loses puck.
14:33 of 3rd period - Christopher Tanev is hit by Antoine Roussel and loses puck.
14:44 of 3rd period - Snap shot by Derek Roy.
14:44 of 3rd period - Goal by Derek Roy - Blackhawks : 2 - Golden Knights : 7.
14:45 of 3rd period - Jordan Staal wins face-off versus Steven Stamkos in neutral zone.
15:12 of 3rd period - Radko Gudas is hit by Olli Maatta and loses puck.
15:21 of 3rd period - Slapshot by Alexander Radulov.
15:21 of 3rd period - Stopped by Joe Cannata without a rebound.
15:22 of 3rd period - Andrei Loktionov wins face-off versus Jakob Silfverberg in Blackhawks zone.
15:23 of 3rd period - Snap shot by Alexander Radulov.
15:23 of 3rd period - Deflect By Raphael Diaz.
15:23 of 3rd period - Shot Misses the Net.
15:23 of 3rd period - Puck is out of play.
15:24 of 3rd period - Jordan Staal wins face-off versus Andrei Loktionov in Blackhawks zone.
15:41 of 3rd period - Wrist shot by Alexander Radulov.
15:41 of 3rd period - Goal by Alexander Radulov - Blackhawks : 2 - Golden Knights : 8.
15:42 of 3rd period - Steven Stamkos wins face-off versus Jordan Staal in neutral zone.
16:16 of 3rd period - Snap shot by Alexander Radulov.
16:16 of 3rd period - Stopped by Joe Cannata without a rebound.
16:17 of 3rd period - Andrei Loktionov wins face-off versus Derek Roy in Blackhawks zone.
16:52 of 3rd period - Wrist shot by Jordan Eberle.
16:52 of 3rd period - Stopped by Joe Cannata with a rebound.
17:08 of 3rd period - Slapshot by Petter Granberg.
17:08 of 3rd period - Shot Blocked by Zach Bogosian.
17:26 of 3rd period - Mike Amadio is hit by Lawson Crouse.
17:44 of 3rd period - Minor Penalty to Corey Perry for High sticking.
17:45 of 3rd period - Jordan Staal wins face-off versus Steven Stamkos in Blackhawks zone.
18:04 of 3rd period - Jamie McBain is hit by Steven Stamkos and loses puck.
18:26 of 3rd period - Wrist shot by Andrei Loktionov.
18:26 of 3rd period - Goal by Andrei Loktionov - Blackhawks : 2 - Golden Knights : 9.
18:27 of 3rd period - Jakob Silfverberg wins face-off versus Steven Stamkos in neutral zone.
18:30 of 3rd period - Snap shot by Jamie McBain.
18:30 of 3rd period - Shot Misses the Net.
18:40 of 3rd period - Snap shot by Jakob Silfverberg.
18:40 of 3rd period - Stopped by Ondrej Pavelec without a rebound.
18:41 of 3rd period - Jordan Staal wins face-off versus Steven Stamkos in Golden Knights zone.
19:37 of 3rd period - Wrist shot by Antoine Roussel.
19:37 of 3rd period - Deflect By Corey Perry.
19:37 of 3rd period - Stopped by Ondrej Pavelec with a rebound.
19:39 of 3rd period - Slapshot by Jamie McBain.
19:39 of 3rd period - Stopped by Ondrej Pavelec without a rebound.
19:40 of 3rd period - Jordan Staal wins face-off versus Steven Stamkos in Golden Knights zone.
19:41 of 3rd period - Snap shot by Johnny Gaudreau.
19:41 of 3rd period - Stopped by Ondrej Pavelec with a rebound.
19:43 of 3rd period - Slapshot by Johnny Gaudreau.
19:43 of 3rd period - Deflect By Jordan Staal.
19:43 of 3rd period - Stopped by Ondrej Pavelec without a rebound.
19:44 of 3rd period - Steven Stamkos wins face-off versus Jordan Staal in Golden Knights zone.
19:51 of 3rd period - Jordan Staal is hit by Steven Stamkos and loses puck.
Goals for this period are 1 for Blackhawks vs 3 for Golden Knights.
Shots for this period are 10 for Blackhawks vs 12 for Golden Knights.